 Dungeon Crawl Stone Soup version 0.26-a0-850-g97a50ab700 (webtiles) character file.

Game seed: 14545107113860290102

3402 dickylongcocking the Covert (level 10, 0/69 HPs)
             Began as an Octopode Transmuter on Nov 21, 2020.
             Was an Initiate of Gozag.
             Slain by a starcursed mass (9 damage)
             ... on level 1 of the Abyss.
             The game lasted 00:09:27 (9562 turns).

dickylongcocking the Covert (Octopode Transmuter)   Turns: 9562, Time: 00:09:28

Health: 0/69       AC:  1    Str:  4 (5)  XL:     10   Next: 4%
Magic:  6/9        EV: 15    Int: 15 (18) God:    Gozag
Gold:   596        SH:  0    Dex:  8 (10) Spells: 9/13 levels left

rFire    . . .     SeeInvis .     - Unarmed
rCold    . . .     Faith    .   (no shield)
rNeg     . . .     Spirit   .   (helmet restricted)
rPois    .         Reflect  .   k - amulet of regeneration
rElec    .         Harm     .   m - ring of protection from magic
rCorr    .         Rampage  .   y - ring of protection from magic
MR       ++...     Rnd*Rage +   q - ring of stealth
Stlth    ..........             (no ring)
HPRegen  0.61/turn              (no ring)
MPRegen  0.11/turn              (no ring)
                                (no ring)
                                (no ring)

@: brilliant, berserking, gold aura, attractive, very quick
A: almost no armour, stealthy swim, amphibious, 8 rings, constrict 8, repulsion
field 1, camouflage 1, [berserk 2], blink, blurry vision 1[+2], [clumsy 2],
[deterioration 2], [frail 3], [low mp 3], [weak 2], gelatinous body 1, [subdued
magic 3]
a: Blink, Potion Petition, Call Merchant, Bribe Branch, Renounce Religion


You were on level 1 of the Abyss.
You worshipped Gozag.
Gozag was pleased with you.
You visited 2 branches of the dungeon, and saw 9 of its levels.
You visited the Abyss 1 time.

You collected 878 gold pieces.
You paid 282 gold pieces to Gozag.

Inventory:

Jewellery
 f - an uncursed ring of ice
 h - an uncursed ring of protection from cold {unknown}
 k - an amulet of regeneration (around mantle)
 l - an uncursed amulet of guardian spirit
 m - a ring of protection from magic (left tentacle)
 q - a ring of stealth (on tentacle)
 u - an uncursed amulet of reflection
 y - a ring of protection from magic (right tentacle)
Wands
 o - a wand of iceblast (14)
 r - a wand of polymorph (8)
 z - a wand of random effects (15)
Scrolls
 a - 2 scrolls of fear
 j - 2 scrolls of enchant armour
 p - 6 scrolls of remove curse
 s - a scroll of identify
 x - a scroll of vulnerability
Potions
 c - a potion of flight
 d - a potion of resistance
 e - a potion of magic
 t - a potion of degeneration
 v - a potion of lignification


   Skills:
 * Level 5.3 Fighting
 - Level 2.0 Dodging
 * Level 11.3 Stealth
 * Level 9.1 Unarmed Combat
 - Level 2.0 Spellcasting
 * Level 4.8 Transmutations
 - Level 2.5 Poison Magic


You had 9 spell levels left.
You knew the following spells:

 Your Spells              Type           Power        Failure   Level
a - Beastly Appendage     Tmut           ##....       1%          1
b - Spider Form           Tmut/Pois      #.........   9%          3

Your spell library contained the following spells:

 Spells                   Type           Power        Failure   Level
 Wereblood                Tmut           ##......     1%          2
 Poisonous Vapours        Pois/Air       #.....       12%         2
 Swiftness                Air            #.......     21%         2
 Static Discharge         Conj/Air       #.......     41%         3
 Ice Form                 Ice/Tmut       #.......     50%         4
 Blade Hands              Tmut           ##........   52%         5
 Airstrike                Air            #.........   85%         4
 Fireball                 Conj/Fire      #.........   99%         5


Dungeon Overview and Level Annotations

Branches:
Dungeon (8/15)             Temple (1/1) D:5
   Lair: D:8-11

Altars:
Dithmenos
Gozag
Makhleb
Qazlal
Trog

Annotations:
D:5 2 transporters


Innate Abilities, Weirdness & Mutations

You cannot wear most types of armour.
You are very stealthy in the water. (Stealth+)
You are amphibious.
You can wear up to eight rings at the same time.
You can use your tentacles to constrict eight enemies at once.
Your skin changes colour to match your surroundings (Stealth+).
Your rubbery body absorbs attacks. (AC +1, EV +1)
You are surrounded by a mild repulsion field. (EV +2)
You can translocate small distances at will.
[You often lose your temper in combat.]
[Scrolls take you much longer to read.]
[You are very clumsy. (Dex -4)]
[Your body often deteriorates upon taking damage.]
[You are extremely frail. (-30% HP)]
[Your magical capacity is extremely low. (-30% MP)]
[You are very weak. (Str -4)]
[Your spells are much easier to cast, but much less powerful.]


Message History

The starcursed mass becomes distracted by the nearby gold, dreaming of imaginary riches.
Unknown command.
A red film seems to cover your vision as you go berserk!
You feel yourself moving faster!
You feel mighty!
You hit the wretched star.
The wretched star is almost destroyed.
You feel less wooden.
The starcursed mass is pulled toward you!
The starcursed mass engulfs you.
* * * LOW HITPOINT WARNING * * *
Unknown command.
Unknown command.
Unknown command.
You are too berserk!
Unknown command.
Unknown command.
You closely miss the wretched star.
The wretched star is almost destroyed.
The starcursed mass engulfs you!
You die...
Your body crumbles into a pile of gold.

.. .# ... .##.
..#. # ... .
..#.. .#_.## .
#... ..... .
#.. .#..#. X..
#$X##X### #
#@*Xx#
#.$##X...# #
....#..##.#..#
..#... .. ..#.
. # ...##
..#.###.##.# #
.##... . .. #x
# # .....# *#
# .#. # # .# .
.#. .###


You could see 5 starcursed masses, a wretched star and a small abomination.

Vanquished Creatures
  A wretched star (Abyss:1)
  Grinder (D:3)
  Sigmund (D:6)
  Eustachio (D:5)
  2 sky beasts (D:7)
  3 orc warriors
  An eye of draining (Abyss:1)
  2 phantoms (D:7)
  3 ogres
  A big kobold (D:7)
  Blork the orc (D:6)
  5 scorpions
  4 wights (D:7)
  A centaur zombie (D:6)
  A lava snake (D:7)
  2 hounds (D:5)
  2 orc priests
  Crazy Yiuf (D:3)
  A centaur skeleton (D:5)
  2 jellies
  2 orc wizards
  Ijyb (D:3)
  3 worker ants
  Natasha (thrice) (D:3)
  2 hound skeletons
  A worker ant zombie (D:5)
  6 adders
  3 gnolls
  4 shadow imps
  A white imp (D:6)
  An ufetubus (D:7)
  3 oozes
  An adder zombie (D:6)
  An adder skeleton (D:6)
  A worm (D:4)
  6 leopard geckos
  16 orcs
  4 giant cockroaches
  14 goblins
  9 hobgoblins
  13 jackals
  10 quokkas
  9 bats
  7 frilled lizards
  17 kobolds
  3 leopard gecko skeletons
  A quokka skeleton (D:4)
  8 rats
186 creatures vanquished.

Notes
Turn   | Place    | Note
-------+----------+-------------------------------------------
     0 | D:1      | dickylongcocking the Octopode Transmuter began the quest
                  | for the Orb.
     0 | D:1      | Reached XP level 1. HP: 13/13 MP: 3/3
   335 | D:1      | Reached XP level 2. HP: 1/18 MP: 5/5
   979 | D:1      | Reached skill level 1 in Stealth
   979 | D:1      | Reached XP level 3. HP: 23/23 MP: 6/6
  1506 | D:2      | Reached skill level 2 in Stealth
  2027 | D:2      | Reached XP level 4. HP: 27/28 MP: 7/7
  2523 | D:3      | Noticed Natasha
  2532 | D:3      | Killed Natasha
  2533 | D:3      | Reached skill level 3 in Stealth
  2714 | D:3      | Found a runed translucent door.
  2715 | D:3      | Noticed Crazy Yiuf
  2781 | D:3      | Noticed Grinder
  2801 | D:3      | Killed Grinder
  2802 | D:3      | Reached skill level 5 in Stealth
  2802 | D:3      | Reached skill level 5 in Unarmed Combat
  2802 | D:3      | Reached XP level 5. HP: 23/33 MP: 8/8
  2802 | D:3      | Reached XP level 6. HP: 27/38 MP: 9/9
  3184 | D:3      | Noticed Natasha
  3192 | D:3      | Killed Natasha
  3288 | D:3      | Found a bloodstained altar of Trog.
  3491 | D:3      | Noticed Ijyb
  3507 | D:3      | Killed Ijyb
  3508 | D:3      | Reached skill level 6 in Stealth
  3511 | D:3      | Noticed Natasha
  3522 | D:3      | Killed Natasha
  4141 | D:3      | Learned a level 3 spell: Spider Form
  4146 | D:3      | Killed Crazy Yiuf
  4317 | D:4      | Reached XP level 7. HP: 43/43 MP: 6/10
  4531 | D:4      | Reached skill level 7 in Stealth
  4539 | D:4      | Found a stormy altar of Qazlal.
  5144 | D:5      | Entered Level 5 of the Dungeon
  5145 | D:5      | Found a transporter.
  5304 | D:5      | Noticed Eustachio
  5314 | D:5      | Killed Eustachio
  5315 | D:5      | Reached skill level 8 in Stealth
  5315 | D:5      | Reached XP level 8. HP: 45/48 MP: 7/11
  5942 | D:5      | Found a staircase to the Ecumenical Temple.
  5957 | Temple   | Entered the Ecumenical Temple
  5964 | Temple   | Became a worshipper of Gozag Ym Sagoz the Greedy
  6003 | D:5      | Reached skill level 9 in Stealth
  6294 | D:5      | Found a transporter.
  6593 | D:6      | Noticed Blork the orc
  6593 | D:6      | Noticed Sigmund
  6603 | D:6      | Killed Sigmund
  6617 | D:6      | Killed Blork the orc
  6838 | D:6      | Found an opulent altar of Gozag.
  7552 | D:6      | Reached skill level 1 in Poison Magic
  8034 | D:7      | Reached XP level 9. HP: 39/57 MP: 10/12
  8131 | D:7      | Reached skill level 10 in Stealth
  8814 | D:7      | Identified the Volume of the Volcanoes and the Birds
  9386 | D:8      | Cast into level 1 of the Abyss (gnoll sergeant)
  9411 | Abyss:1  | Noticed a wretched star
  9413 | Abyss:1  | Found a corrupted altar of Lugonu.
  9440 | Abyss:1  | Killed a wretched star
  9441 | Abyss:1  | Reached skill level 5 in Fighting
  9441 | Abyss:1  | Reached skill level 11 in Stealth
  9441 | Abyss:1  | Reached XP level 10. HP: 11/46 MP: 11/13
  9509 | Abyss:1  | Noticed a sixfirhy
  9521 | Abyss:1  | Noticed a wretched star
  9532 | Abyss:1  | Found a corrupted altar of Lugonu.
  9537 | Abyss:1  | Gained mutation: [Scrolls take you much longer to read.]
                  | [potion of mutation]
  9537 | Abyss:1  | Gained mutation: You can translocate small distances at
                  | will. [potion of mutation]
  9537 | Abyss:1  | Gained mutation: You are surrounded by a mild repulsion
                  | field. (EV +2) [potion of mutation]
  9548 | Abyss:1  | Noticed a starcursed mass
  9562 | Abyss:1  | Slain by a starcursed mass

Illustrated notes

Levels and vault maps discovered:
D:1:      ebering_hopf_link, layout_loops_corners, minmay_misc_feat_diagonals
D:2:      lemuel_upstairs_altar, layout_basic, grunt_ministairs_10
D:3:      layout_loops_corners, trog_hazing_becter, uniq_crazy_yiuf_cottage,
          uniq_ijyb, uniq_natasha, uniq_grinder
D:4:      layout_loops_ring, grunt_qazlal_clouds
D:5:      gammafunk_cloud_chamber, layout_basic, temple_green, uniq_eustachio
D:6:      layout_cave_pools, nicolae_gozag_seed_capital, uniq_blork_the_orc,
          uniq_sigmund
D:7:      cheibrodos_barr_body, layout_basic, enter_bailey_8,
          kennysheep_generic_room_9
D:8:      layout_basic, minmay_lair_entry_grove
Temple:   regret_index_temple_sigil_plot
Abyss:1:  base: D:3, guppyfry_abyss_exit_spiral_guarded,
          guppyfry_abyss_exit_spiral_guarded

Skill      XL: |  1  2  3  4  5  6  7  8  9 |
---------------+----------------------------+-----
Unarmed Combat | 4 5 6 7 8 9 |  9.1
Stealth        | 1 2 5 6 8 9 11 | 11.3
Fighting       | 3 5 |  5.3
Poison Magic   | 1 2 |  2.5
Transmutations | 4 |  4.8
Dodging        | |  2.0
Spellcasting   | |  2.0

Action                   |  1- 3 |  4- 6 |  7- 9 | 10-12 || total
-------------------------+-------+-------+-------+-------++-------
Melee: Unarmed           |    86 |    99 |   362 |    27 ||   574
       Constrict         |    21 |    23 |    27 |       ||    71
       Tentacles         |    11 |     9 |    35 |     1 ||    56
       Kick              |     3 |    11 |     9 |       ||    23
       Punch             |     3 |     3 |     6 |     1 ||    13
 Cast: Beastly Appendage |     5 |     8 |    10 |       ||    23
       Spider Form       |       |     2 |    25 |     1 ||    28
Invok: Potion Petition   |       |       |       |     1 ||     1
Evoke: Wand              |       |       |     1 |     1 ||     2
  Use: Potion            |       |     2 |     7 |     8 ||    17
       Scroll            |       |       |     7 |       ||     7
 Stab: Sleeping          |     6 |    12 |    24 |       ||    42
       Distracted        |       |       |     2 |       ||     2
Armor: Skin              |     9 |     5 |    28 |       ||    42
Dodge: Dodged            |    51 |    61 |   246 |     9 ||   367

Table legend: (Time is in decaauts)
 A = Elapsed time spent in this place.
 B = Non-inter-level travel time spent in this place.
 C = Inter-level travel time spent in this place.
 D = Time resting spent in this place.
 E = Time spent auto-exploring this place.
 F = Levels seen in this place.
 G = Mean time per level.
                   A        B        C        D        E       F      G
               +--------+--------+--------+--------+--------+-----+--------+
         Total |   9469 |   9216 |    253 |   1397 |   6142 |  10 |  946.9 |
       Dungeon |   9288 |   9041 |    247 |   1339 |   6142 |   8 | 1161.0 |
        Temple |     14 |      8 |      6 |      0 |      0 |   1 |   14.0 |
         Abyss |    166 |    166 |      0 |     58 |      0 |   1 |  166.0 |
               +--------+--------+--------+--------+--------+-----+--------+

Top non-repeatable levels by time:
     D:3: 1840 daAuts
     D:5: 1595 daAuts
     D:1: 1388 daAuts
     D:6: 1293 daAuts
     D:7: 1270 daAuts
     D:2: 948 daAuts
     D:4: 946 daAuts
 Abyss:1: 166 daAuts
  Temple: 14 daAuts
     D:8: 5 daAuts
